 Dungeon Crawl Stone Soup version 0.24-a0-228-g05560da (webtiles) character file.

Game seed: 4999315113772025548

448 technobutter the Shield-Bearer (level 7, -3/60 HPs)
             Began as a Hill Orc Fighter on Apr 1, 2019.
             Slain by an ogre
             ... wielding a +0 giant club
              (22 damage)
             ... on level 5 of the Dungeon on Apr 2, 2019.
             The game lasted 00:15:36 (3151 turns).

technobutter the Shield-Bearer (Hill Orc Fighter)   Turns: 3151, Time: 00:15:37

Health: -3/60      AC: 10    Str: 20      XL:     7   Next: 3%
Magic:  7/7        EV:  7    Int:  8      God:
Gold:   136        SH:  9    Dex: 10 (11) Spells: 6/6 levels left

rFire    . . .     SeeInvis .   a - +0 flail
rCold    . . .     Gourm    .   c - +0 shield
rNeg     . . .     Faith    .   b - +0 scale mail
rPois    .         Spirit   .   s - +0 helmet
rElec    .         Reflect  .   n - +1 cloak
rCorr    .         Harm     .   (no gloves)
MR       .....                  (no boots)
Stlth    ..........             (no amulet)
HPRegen  0.20/turn              (no ring)
MPRegen  0.10/turn              (no ring)

@: heavily drained
A: no striking features
a: no special abilities


You were on level 5 of the Dungeon.
You were not hungry.

You visited 1 branch of the dungeon, and saw 5 of its levels.

You collected 136 gold pieces.

Inventory:

Hand Weapons
 a - a +0 flail (weapon)
Missiles
 t - a throwing net (quivered)
Armour
 b - a +0 scale mail (worn)
 c - a +0 shield (worn)
 n - a +1 cloak (worn)
 s - a +0 helmet (worn)
Scrolls
 e - 2 scrolls of teleportation
 g - 2 scrolls of remove curse
 j - a scroll of enchant armour {unknown}
 k - 2 scrolls of magic mapping {unknown}
 m - a scroll of noise {unknown}
 o - a scroll of fear {unknown}
 p - 2 scrolls of identify
 r - a scroll of immolation {unknown}
Potions
 d - a potion of might
 h - a potion of cancellation {unknown}
 i - 2 potions of heal wounds {unknown}
 l - a potion of flight {unknown}
 q - a potion of curing {unknown}
Comestibles
 f - 3 rations


   Skills:
 + Level 4.7(3.5) Fighting
 + Level 4.8(3.6) Maces & Flails
 + Level 4.9(3.7) Armour
 + Level 1.2(0.2) Dodging
 + Level 5.0(3.8) Shields


You had 6 spell levels left.
You didn't know any spells.
Your spell library was empty.

Dungeon Overview and Level Annotations

Branches:
Dungeon (5/15)
 Temple: D:4-7

Altars:
Vehumet

Shops:
D:5 :

Annotations:
D:4 Eustachio


Message History

The ogre shouts!
The ogre hits you with a +0 giant club!
Found Nefadea's Book Shoppe.
Your shield and scale mail prevent you from hitting the ogre.
The ogre hits you with a +0 giant club.
You thump the ogre!
The ogre is moderately wounded.
You closely miss the ogre.
The ogre is moderately wounded.
The ogre hits you but does no damage. The ogre hits you with a +0 giant club!
You sock the ogre!
The ogre is heavily wounded.
The ogre barely misses you.
You hit the ogre.
The ogre is severely wounded.
The ogre hits you with a +0 giant club!!
Your scale mail prevents you from hitting the ogre.
The ogre is severely wounded.
The ogre hits you with a +0 giant club!!
You die...

# .∩.### # .⌠..# # +...#
##...# # #....# #+###
##.#....####.#.#
#......O+......#
#.###..@####.#.#
.............#.#
........#....#.#
#####...#.####.#########
........ #..........
#######.#. ###########
..#.# ### #


You could see an ogre.

Vanquished Creatures
  Grinder (D:3)
  An ice beast (D:5)
  A worker ant (D:4)
  5 adders
  A dart slug (D:3)
  3 leopard geckos (D:3)
  3 orcs (D:3)
  2 ball pythons
  10 bats
  8 giant cockroaches
  12 goblins
  8 hobgoblins
  10 jackals
  A quokka (D:2)
  4 frilled lizards
  6 kobolds
  7 rats
83 creatures vanquished.

Notes
Turn   | Place    | Note
-------+----------+-------------------------------------------
     0 | D:1      | technobutter the Hill Orc Fighter began the quest for the
                  | Orb.
     0 | D:1      | Reached XP level 1. HP: 19/19 MP: 1/1
    66 | D:2      | Reached XP level 2. HP: 13/27 MP: 2/2
   113 | D:2      | Reached XP level 3. HP: 16/33 MP: 3/3
   124 | D:2      | Reached skill level 4 in Shields
   857 | D:3      | Reached XP level 4. HP: 35/40 MP: 4/4
   865 | D:3      | Found a radiant altar of Vehumet.
   930 | D:3      | Noticed Grinder
   943 | D:3      | Killed Grinder
   943 | D:3      | Reached skill level 1 in Dodging
   943 | D:3      | Reached XP level 5. HP: 47/47 MP: 5/5
   943 | D:3      | Reached XP level 6. HP: 53/53 MP: 6/6
  2706 | D:4      | Noticed Eustachio
  2813 | D:5      | Entered Level 5 of the Dungeon
  3005 | D:5      | Noticed an ice beast
  3022 | D:5      | Killed an ice beast
  3022 | D:5      | Reached skill level 5 in Shields
  3022 | D:5      | Reached XP level 7. HP: 36/60 MP: 7/7
  3145 | D:5      | Found Nefadea's Book Shoppe.
  3151 | D:5      | Slain by an ogre

Levels and vault maps discovered:
D:1:      dpeg_arrival_tiny_a, layout_basic
D:2:      layout_basic, serial_bayou_pond_b
D:3:      layout_basic, vehumet_crystals, minmay_misc_feat_encased, uniq_grinder
D:4:      minmay_door_path, layout_basic, first_ration, uniq_pikel,
          uniq_natasha, uniq_robin, uniq_eustachio
D:5:      layout_basic, serial_shops, shop, shop_fountains, shop,
          nicolae_shop_waterfront

Skill      XL: |  1  2  3  4  5  6 |
---------------+-------------------+-----
Fighting       | 4 |  4.7
Shields        | 4 5 |  5.0
Maces & Flails | 4 |  4.8
Armour         | 4 |  4.9
Dodging        | 1 |  1.2

Action                   |  1- 3 |  4- 6 |  7- 9 || total
-------------------------+-------+-------+-------++-------
Melee: Flail             |    95 |   229 |     6 ||   330
  Use: Scroll            |       |     3 |       ||     3
  Eat: Ration            |       |     3 |       ||     3
Armor: Scale mail        |    72 |   168 |     1 ||   241
Dodge: Dodged            |    54 |   112 |     1 ||   167
Block: Shield            |    60 |   146 |       ||   206

Table legend:
 A = Non-vault XP
 B = Vault XP
 C = Vault XP percentage of total XP
 D = Non-vault monster count
 E = Vault monster count
 F = Vault count percentage of total count
                 A         B        C        D         E       F
            +---------+---------+-------+---------+---------+-------
      Total |     357 |     283 |  44.2 |      76 |       7 |   8.4
            +---------+---------+-------+---------+---------+-------
        D:1 |      28 |       0 |   0.0 |      18 |       0 |   0.0
        D:2 |      76 |       9 |  10.6 |      24 |       5 |  17.2
        D:3 |      77 |     272 |  77.9 |      31 |       1 |   3.1
        D:4 |      33 |       2 |   5.7 |       1 |       1 |  50.0
        D:5 |     143 |       0 |   0.0 |       2 |       0 |   0.0
            +---------+---------+-------+---------+---------+-------
